← All builds
Tech / Armada / Economy first / OBSERVED BUILD

Sharpshooter snipers

Armada Tech (Eco) build order · Supreme Isthmus

Standard T2 rush into an early Sharpshooter-led sniper bot push around 8:10-8:38, pairing T2 constructor support for Geo with sniper bots fighting at the middle rather than just economy scaling.

Usually first T2 con to Geo (81%)

#t2 #raid · 98 distinct matches · 50 players · 3% of Armada Tech games · team won 26% of 99 · Recently observed

THE CATCH, AND WHAT COMES WITH IT
  • SharpshooterT2 bot snipers from 8:10 · 6% of role by thenFrom the Advanced Bot Lab. Only 6% of Tech games have it by then; others who build it get it around 9:04

Where those units first fight, in 97 games with kill data: in the middle 55%, on their own side 45%.

Those units destroy a typical 1,385 metal of enemy units by 15:00.

Then transitions into anti-nuke (13% of army).

HOW TO PLAY IT

Key timing: Sharpshooter out by 9:04

  1. Open standard T2 rush with Bot Lab first.
  2. Finish Advanced Bot Lab on the normal T2 timing.
  3. Upgrade mex as usual while eco scales.
  4. Push Sharpshooter snipers from Advanced Bot Lab to fight forward in middle.
  5. Keep producing T2 cons and anti-nuke for the team.

Phase by phase

TYPICAL OF ITS 98 GAMES · AGAINST STANDARD TECH
  1. 1
  2. 2
  3. 3
  4. 4
  5. 5
PLAY THE OPENING

Follow the example game's first 9:10 step by step: what to build now, what comes next, and where it goes. At 1× it keeps pace with your own game.

  1. 1

    Up to the Bot Lab

    Economy
    • Metal Extractor3Mex
    • Wind Turbine4Wind
    Order
    1. Bot LabBot Lab after 3 mex, 4 winddone ~1:17, middle half 1:13–1:38

    Some games also: energy storage (37%)

    By 1:00 in all: 3 mex · 4 wind

    The example game in this phase · 3 steps
    1. Mex ×3
    2. Wind ×3
    3. Bot LabBot Labdone 1:08 · typical 1:17
  2. 2

    Bot Lab to Advanced Bot Lab

    Economy
    • Metal Extractor1Mex
    • Wind Turbine9Wind
    • Energy Storage1Energy storage
    Order
    1. Advanced Bot LabAdvanced Bot Lab after 4 mex, 13 wind, 3 con turretdone ~4:18, middle half 4:08–4:33
    Builders
    • Construction Turret3 Con turret
    • Lazarus3 Lazarus
    • Construction Bot2 Con bot
    • Construction Bot1 Con bot for allies

    Some games also: converter (42%)

    By 3:22 in all: 4 mex · 13 wind · 1 energy storage · 3 con turret

    The example game in this phase · 18 steps
    1. Wind
    2. Construction BotCon botfor Air
    3. Con turret
    4. Wind
    5. Construction BotCon bot
    6. Wind ×3
    7. LazarusLazarus
    8. Wind ×2
    9. Solar
    10. LazarusLazarus
    11. Mex
    12. LazarusLazarus
    13. Wind
    14. Construction BotCon botfor unknown
    15. LazarusLazarus
    16. Construction BotCon botfor Geo
    17. Energy storage
    18. Advanced Bot LabAdvanced Bot Labdone 4:26 · typical 4:18
  3. 3

    Advanced Bot Lab to 5:00

    Economy
    • Wind Turbine1Wind−2 vs standard
    Order
    1. Bot LabEat Bot Lab
    Builders
    • Advanced Construction Bot1 T2 con bot for allies

    Some games also: converter (43%)

    By 5:00 in all: 4 mex · 15 wind · 2 converter · 1 energy storage · 3 con turret

    The example game in this phase · 9 steps
    1. LazarusLazarus
    2. Converter
    3. Construction BotCon bot
    4. Converter
    5. Construction BotCon bot
    6. Bot LabEat Bot Labreclaimed for its metal
    7. Wind ×6
    8. Advanced Construction BotT2 con botfor Geo
    9. Wind ×4
  4. 4

    5:00 to T2 bot snipers

    Economy
    • Wind Turbine16Wind+5 vs standard
    • Energy Converter1Converter
    Order
    1. SharpshooterT2 bot snipers after 4 mex, 31 wind, 5 converterdone ~8:38, middle half 7:40–9:45
    Builders
    • Butler4 Butler
    • Advanced Construction Bot3 T2 con bot for allies

    Some games also: T2 con bot (35%)

    By 8:10 in all: 4 mex · 31 wind · 5 converter (standard 3) · 1 energy storage · 3 con turret

    The example game in this phase · 10 steps
    1. Advanced Metal ExtractorT2 mexdone 5:44 · typical 5:17
    2. Wind ×2
    3. Advanced Metal ExtractorT2 mex ×2
    4. Advanced Construction BotT2 con bot ×2for Geo sea
    5. Advanced Metal ExtractorT2 mex
    6. Advanced Construction BotT2 con botfor unknown
    7. Con turret
    8. Advanced Construction BotT2 con bot ×2for Pond
    9. ButlerButler ×2
    10. SharpshooterSniper botdone 8:27 · typical 8:38
  5. 5

    T2 bot snipers to 10:00

    Economy
    • Wind Turbine19Wind−11 vs standard
    Army
    • Sharpshooter1 Sniper bot

    Some games also: converter (47%) · Butler (45%) · T2 con bot for allies (42%)

    The standard build makes here, this one skips: 4 converter · 5 Butler

    By 10:00 in all: 4 mex · 54 wind · 7 converter · 1 energy storage · 3 con turret

    The example game in this phase · 108 steps
    1. Wind ×3
    2. SharpshooterSniper bot
    3. Wind ×21
    4. SmugglerJammer bot
    5. Wind ×3
    6. Con turret
    7. CompassRadar bot
    8. Wind ×2
    9. ButlerButler
    10. Wind
    11. Con turret
    12. Wind
    13. ButlerButler
    14. Energy storage
    15. Wind
    16. ButlerButler
    17. Wind
    18. Con turret
    19. Wind
    20. ButlerButler
    21. Wind ×2
    22. ButlerButler
    23. Converter
    24. Wind ×6
    25. Converter
    26. Wind ×4
    27. SharpshooterSniper bot
    28. Wind ×3
    29. Converter
    30. Wind ×9
    31. Converter
    32. Wind ×10
    33. SharpshooterSniper bot
    34. Wind ×2
    35. Con turret
    36. Wind ×3
    37. Converter
    38. Con turret
    39. Wind ×3
    40. Converter
    41. Wind
    42. Advanced Construction BotT2 con bot
    43. Converter
    44. Advanced Construction BotT2 con bot
    45. Wind
    46. Converter
    47. Wind
    48. Converter ×2
    49. Wind
    50. Con turret
    51. Converter
    52. Con turret
    53. Wind ×2
    54. Converter
    55. Advanced Fusion ReactorAdvanced Fusion Reactordone 14:44
    56. Con turret
    57. Wind
    58. Converter ×2
    59. Wind ×2
    60. Converter
    61. Wind
    62. Converter
    63. T2 converter
    64. SprinterSprinter
    65. Converter
    66. Wind
    67. Converter ×2
    68. SprinterSprinter
    69. Converter ×2
    70. Wind
    71. SprinterSprinter
    72. Converter ×3
    73. Wind
    74. Converter
    75. SprinterSprinter
    76. Converter ×2
    77. Wind
    78. Converter ×2
    79. SprinterSprinter
    80. Converter
    81. Wind
    82. Converter ×3
    83. Wind
    84. SprinterSprinter
    85. Converter ×2
    86. Wind
    87. Converter ×4
    88. Wind
    89. Converter ×3
    90. Wind
    91. Converter ×2
    92. Advanced Bot LabEat Advanced Bot Labreclaimed for its metal
    93. Converter
    94. Wind
    95. Converter ×3
    96. Wind
    97. Converter ×3
    98. Wind
    99. Converter
    100. Con turret
    101. T2 converter
    102. Converter ×2
    103. Wind
    104. Converter ×2
    105. Con turret ×2
    106. Wind
    107. Con turret ×2
    108. Pit BullPit Bull

Counts are medians over the build's games: half of them build more, half fewer. The example game is Skorowid's (30 OS, 27/08/2026); pick another.

Team trades

IN AT LEAST 30% OF ITS GAMES

You hand over

  • Construction Bot1 Con bot to Airfirst at 2:24 · in 89% of games
  • Advanced Construction Bot5 T2 con bot to Geo sea or Air or Pondfirst at 4:59 · in 100% of games
  • Butler2 Butler to Geo sea or Beach seafirst at 10:30 · in 36% of games

You get

  • Hercules2 Light transport from Airfirst at 4:05 · in 88% of games

How it plays out

Typical game of this build against the role’s standard build, running totals by minute

  • This build
  • Standard tech

Metal produced

020k40k
0:005:0010:0015:00

metal

Enemy metal destroyed

01k2k3k
0:005:0010:0015:00

metal

Own metal lost

05001k
0:005:0010:0015:00

metal

99 games.

Show as table
ByMetal produced: This buildMetal produced: Standard techEnemy metal destroyed: This buildEnemy metal destroyed: Standard techOwn metal lost: This buildOwn metal lost: Standard tech
1:003833830000
2:009139150000
3:00160316520000
4:00309831440000
5:00486948480000
6:00595358020000
7:00751272300000
8:00930490650000
9:0011440111790000
10:001379313524183000
11:0016225162426500740
12:001895519652101401300
13:002217423428153803210
14:0026192272851801068074
15:0029993315072494115832130
WHAT THE NUMBERS SAY

Won far less often than the standard build, losing a lot more metal for only a modest gain in enemy metal destroyed.

  • + Enemy metal destroyed by 15:00 well above standard (2598 vs 262).
  • − Team win rate collapses to 21% vs standard's 53%.
  • − Own metal lost by 15:00 far exceeds standard (1360 vs 196).
THE EXAMPLE YOU ARE READING

Skorowid

30.4 OS · 27/08/2026

Open source match ↗

3 received units · includes a constructor
1956 metal received · 94806 energy received

Allied construction assistance is unknown. Timings are observations, not a promise of solo reproducibility.

Typical milestones

Bot Lab1:17Middle 50%: 1:13–1:38 · n=99
Advanced Bot Lab4:18Middle 50%: 4:08–4:33 · n=99
Advanced Metal Extractor5:17Middle 50%: 4:57–5:42 · n=99
Sharpshooter8:38Middle 50%: 7:40–9:45 · n=99

Played most by

Amrissa15games of this buildDRM6games of this buildTheGeneraI5games of this buildenderOS14games of this buildKontraption4games of this build